 Dungeon Crawl Stone Soup version 0.30.1-9-gdf580d7c3d (webtiles) character file.

Game seed: 2043039200818922716

3444 KittyFluff the Protected (level 10, 0/61 HPs)
             Began as a Gargoyle Berserker on Oct 16, 2023.
             Was a High Priest of Trog.
             Slain by a yak (13 damage)
             ... on level 8 of the Dungeon.
             The game lasted 00:32:58 (7384 turns).

KittyFluff the Protected (Gargoyle Berserker)       Turns: 7384, Time: 00:32:59

Health: 0/61       AC: 18    Str: 37    XL:     10   Next: 5%
Magic:  10/10      EV: 12    Int:  8    God:    Trog [*****.]
Gold:   117        SH:  4    Dex:  9    Spells: 9/9 levels left

rFire   . . .        n - +2 mace (venom)
rCold   . . .        i - +0 buckler
rNeg    + . .        R - +0 acid dragon scales
rPois   ∞            T - +2 helmet {SInv}
rElec   +            (no cloak)
rCorr   +            (no gloves)
SInv    +            (no boots)
Will    .....        (no amulet)
Stlth   +            v - +6 ring of strength
HPRegen 0.30/turn    Q - +6 ring of strength
MPRegen 0.12/turn

%: no passive effects
@: no status effects
A: sickness immunity, AC +7, negative energy resistance 1, electricity
resistance, torment resistance 1, petrification resistance
a: Renounce Religion, Berserk, Trog's Hand, Brothers in Arms


You were on level 8 of the Dungeon.
You worshipped Trog.
Trog was extremely pleased with you.
You visited 1 branch of the dungeon, and saw 8 of its levels.
You also visited: Sewer.

You collected 332 gold pieces.
You spent 215 gold pieces at shops.

Inventory:

Hand Weapons
 n - a +2 mace of venom (weapon)
 r - a +0 morningstar
 O - a +0 shortbow
Missiles
 a - 2 throwing nets
 w - 20 boomerangs (quivered)
 x - 10 javelins
 G - 42 poisoned darts
 I - 2 curare-tipped darts
Armour
 i - a +0 buckler (worn)
 o - a +4 chain mail of poison resistance
 R - +0 acid dragon scales (worn)
 T - a +2 helmet of see invisible (worn)
Jewellery
 d - a ring of willpower
 t - a +5 ring of evasion
 v - a +6 ring of strength (left hand)
 Q - a +6 ring of strength (right hand)
Wands
 y - a wand of polymorph (3)
 M - a wand of flame (12)
Scrolls
 b - 7 scrolls of teleportation
 c - a scroll of enchant weapon {unknown}
 e - a scroll of vulnerability {unknown}
 f - 2 scrolls of brand weapon {unknown}
 g - 2 scrolls of amnesia {unknown}
 h - 2 scrolls of magic mapping {unknown}
 j - 2 scrolls of fog {unknown}
 k - a scroll of silence {unknown}
 l - 3 scrolls of enchant armour {unknown}
 m - a scroll of noise {unknown}
 q - a scroll of immolation {unknown}
 E - a scroll of torment {unknown}
 L - a scroll of blinking {unknown}
 S - a scroll of fear {unknown}
Potions
 p - a potion of attraction
 s - 4 potions of invisibility
 u - 2 potions of magic
 z - a potion of berserk rage
 A - 3 potions of flight
 B - 2 potions of haste
 C - 2 potions of mutation {unknown}
 D - a potion of resistance {unknown}
 F - 2 potions of heal wounds {unknown}
 H - 2 potions of might {unknown}
 J - 2 potions of brilliance {unknown}
 K - a potion of cancellation {unknown}
 N - a potion of curing {unknown}
 P - a potion of lignification {unknown}


   Skills:
 + Level 6.7 Fighting
 * Level 8.1 Maces & Flails
 * Level 8.5 Armour
 + Level 4.6 Dodging
 + Level 5.3 Shields


You had 9 spell levels left.
You didn't know any spells.
Your spell library was empty.

Dungeon Overview and Level Annotations

Branches:
Dungeon (8/15)             Temple (0/1) D:7           Sewer (visited)
   Lair: D:8-11

Altars:
Cheibriados
Elyvilon
Makhleb
Ru
Uskayaw
Wu Jian
Yredelemnul
Zin
The Shining One

Shops:
D:7 [(*!=


Innate Abilities, Weirdness & Mutations

You are immune to sickness and miasma.
Your stone body is resilient. (AC +7)
You are immune to poison.
You resist negative energy. (rN+)
You are resistant to electric shocks. (rElec)
You are resistant to unholy torment.
You are immune to petrification.


Message History

There is a stone staircase leading down here.
You climb downwards.
Found 15 gold pieces.
There is a stone staircase leading up here.
You now have 117 gold pieces (gained 15).
There is a stone staircase leading up here.
As you open the door, it creaks loudly!
There is an open door here.
You open the door.
Found a mace.
Found a stone staircase leading up.
There is an open door here.
You see here a +0 mace.
As you open the door, it creaks loudly! 3 yaks come into view.
The yak bellows! x3; You hear a bellow!
A yak comes into view.
Found a stone staircase leading down.
You closely miss the yak.
A yak comes into view.
You barely miss the yak. The yak gores you! The yak misses you.
You hit the yak.
The yak is lightly wounded.
You sock the yak!
The yak looks as sick as possible!
The yak is severely wounded.
The yak gores you.
You hit the yak but do no damage.
The yak is poisoned.
The yak gores you but does no damage. x2; You block the yak's attack.
You hit the yak but do no damage.
The yak looks as sick as possible!
The yak gores you. x2; You block the yak's attack.
You barely miss the yak.
The yak is severely wounded.
The yak gores you! The yak gores you. The yak barely misses you.
The yak gores you but does no damage. The yak attacks as you move away!
The yak gores you!
* * * LOW HITPOINT WARNING * * *
The yak gores you.
* * * LOW HITPOINT WARNING * * *
There is a stone staircase leading up here.
The yak gores you!
You die...

#......#..>..#
#......#.....
#......#....
###########....# ...
..........#.)..###'##
..........'.......Y.#
..........#......Y..#
..........#....YYY..#
..........#.....@...#
..........#...####+##
..........#...#
####......#...#
...#......#...+
...#......#..
...'......#
...#........
.<.###+###..


You could see 5 yaks.

Vanquished Creatures
  Grinder (D:6)
  2 steam dragons (D:7)
  An acid dragon (D:6)
  2 water moccasins
  A sky beast (D:6)
  3 ice beasts
  4 ogres
  A centaur (D:6)
  A phantom (D:6)
  6 kobold brigands
  A bullfrog (D:6)
  A scorpion (D:5)
  4 killer bees (D:7)
  4 hounds
  A jelly (D:7)
  4 orc priests
  Terence (D:2)
  A gnoll bouda (D:6)
  3 iguanas
  3 sleepcaps
  5 orc wizards
  21 gnolls
  11 adders
  A river rat (D:5)
  4 white imps
  4 worms
  4 dart slugs
  14 orcs
  9 endoplasms
  10 giant cockroaches
  12 goblins
  15 hobgoblins
  A jackal (D:2)
  4 quokkas
  14 ball pythons
  8 bats
  6 frilled lizards
  35 kobolds
  7 rats
230 creatures vanquished.

Notes
Turn   | Place    | Note
-------+----------+-------------------------------------------
     0 | D:1      | KittyFluff the Gargoyle Berserker began the quest for the
                  | Orb.
     0 | D:1      | Reached XP level 1. HP: 14/14 MP: 1/1
   181 | D:1      | Reached XP level 2. HP: 17/19 MP: 2/2
   241 | D:1      | Found a faded altar of an unknown god.
   887 | D:1      | Reached XP level 3. HP: 23/23 MP: 3/3
  1056 | D:2      | Reached XP level 4. HP: 28/29 MP: 4/4
  1203 | D:2      | Found a white marble altar of Elyvilon.
  1212 | D:2      | Reached ** piety under Trog
  1472 | D:2      | HP: 2/43 [gnoll/+0 halberd (8)]
  1477 | D:2      | Reached skill level 1 in Shields
  1478 | D:2      | Reached XP level 5. HP: 3/33 MP: 5/5
  1621 | D:2      | Noticed Terence
  1635 | D:2      | Killed Terence
  2064 | D:3      | Found a hide-covered altar of Uskayaw.
  2381 | D:3      | Reached XP level 6. HP: 38/38 MP: 6/6
  2439 | D:3      | Found a burning altar of Makhleb.
  3241 | D:4      | Reached *** piety under Trog
  3282 | D:4      | Reached XP level 7. HP: 39/44 MP: 7/7
  3384 | D:4      | Reached skill level 5 in Maces & Flails
  3610 | D:5      | Entered Level 5 of the Dungeon
  3693 | D:5      | Found a basalt altar of Yredelemnul.
  3698 | D:5      | Found a glowing golden altar of the Shining One.
  3728 | D:5      | Reached skill level 5 in Armour
  4042 | D:5      | Found a glowing drain.
  4046 | Sewer    | Entered a sewer
  4120 | Sewer    | Reached skill level 5 in Fighting
  4120 | Sewer    | Reached XP level 8. HP: 43/49 MP: 8/8
  4205 | Sewer    | Reached **** piety under Trog
  5219 | D:6      | Noticed Grinder
  5238 | D:6      | Paralysed by Grinder for 3 turns
  5252 | D:6      | Paralysed by Grinder for 2 turns
  5261 | D:6      | Paralysed by Grinder for 3 turns
  5264 | D:6      | Killed Grinder
  5265 | D:6      | Reached XP level 9. HP: 18/55 MP: 9/9
  5812 | D:6      | Reached ***** piety under Trog
  6153 | D:6      | Found a sacrificial altar of Ru.
  6321 | D:7      | Found Diaxoqa's General Store.
  6342 | D:7      | Bought a scroll of teleportation for 39 gold pieces
  6393 | D:7      | Reached skill level 5 in Shields
  6580 | D:7      | Found Mudig's Weapon Shop.
  6649 | D:7      | Found Dezih's Antique Armour Boutique.
  6656 | D:7      | Bought a glowing helmet for 165 gold pieces
  6797 | D:7      | Found Fasoem's Jewellery Shop.
  6917 | D:7      | Reached XP level 10. HP: 54/61 MP: 10/10
  6965 | D:7      | Found an ornate altar of the Wu Jian Council.
  6965 | D:7      | Found a snail-covered altar of Cheibriados.
  6965 | D:7      | Found a glowing silver altar of Zin.
  7112 | D:7      | Found Miogun's Distillery.
  7117 | D:7      | Bought a potion of degeneration for 11 gold pieces
  7262 | D:7      | Found a staircase to the Ecumenical Temple.
  7384 | D:8      | Slain by a yak

Illustrated notes

Levels and vault maps discovered:
D:1:      saegor_arrival_simple_a, layout_loops_ring, serial_rivers,
          chequers_serial_rivers_micro_b, chequers_serial_rivers_large_a,
          chequers_serial_rivers_micro_a, chequers_serial_rivers_micro_a,
          chequers_serial_rivers_micro_b, chequers_serial_rivers_micro_b,
          shapermc_ecumenical_altar_mp_vishouse, reono_crystal_passage
D:2:      minmay_general_purpose_star, layout_loops_cross, basic_altar,
          grunt_ministairs_2, uniq_terence
D:3:      layout_loops_ring, bloody_makhleb, nicolae_uskayaw_dance_hall
D:4:      layout_basic
D:5:      corexii_shantytown, layout_basic, grunt_temple_overflow_holy_war,
          gup_sewer_entry_bowl, nrook_loot_triangle
D:6:      layout_loops_corners, mainiacjoe_overflow_boulevard, uniq_grinder
D:7:      layout_loops_corners, gammafunk_temple_overflow_claw,
          minmay_temple_entry_poolview, serial_shops, nicolae_shop_gaudy_bauble,
          nicolae_shop_waterfront, shop, nicolae_shop_scrapyard,
          nicolae_shop_back_alley_shop, grunt_ministairs_11
D:8:      layout_gridville

Skill      XL: |  1  2  3  4  5  6  7  8  9 |
---------------+----------------------------+-----
Armour         | 3 4 5 7 8 |  8.5
Dodging        | 2 3 4 |  4.6
Fighting       | 4 5 6 |  6.7
Shields        | 1 2 4 5 |  5.3
Maces & Flails | 4 5 6 8 |  8.1

Action                     |  1- 3 |  4- 6 |  7- 9 | 10-12 || total
---------------------------+-------+-------+-------+-------++-------
  Melee: Mace              |   100 |   182 |   411 |    13 ||   706
         Punch             |     1 |       |       |       ||     1
 Invoke: Berserk           |     1 |     1 |       |       ||     2
    Use: Scroll            |       |     1 |     6 |       ||     7
   Stab: Sleeping          |       |     1 |       |       ||     1
 Armour: Leather armour    |    53 |    51 |   120 |       ||   224
         Animal skin       |     2 |       |       |       ||     2
         Acid dragon scale |       |       |    28 |     7 ||    35
  Dodge: Dodged            |    84 |   109 |   316 |     4 ||   513
  Block: Buckler           |    13 |    25 |    80 |     3 ||   121
